 Dungeon Crawl Stone Soup version 0.24.1-8-ga250c9d538 (webtiles) character file.

Game seed: 12842731862406633669, levelgen mode: deterministic

3528 lepoulpe303 the Ruffian (level 9, -5/74 HPs)
             Began as a Red Draconian Transmuter on May 4, 2020.
             Slain by a wolf (9 damage)
             ... led by Grum
             ... on level 8 of the Dungeon.
             The game lasted 00:32:34 (8696 turns).

lepoulpe303 the Ruffian (Red Draconian Transmuter)  Turns: 8696, Time: 00:32:34

Health: -5/74      AC:  8    Str: 12    XL:     9   Next: 82%
Magic:  18/18      EV: 20    Int: 18    God:
Gold:   434        SH:  5    Dex: 16    Spells: 6/21 levels left

rFire    + . .     SeeInvis +     - Unarmed
rCold    . . .     Gourm    .   (no shield)
rNeg     . . .     Faith    .   (armour unavailable)
rPois    +         Spirit   .   (helmet restricted)
rElec    .         Reflect  +   (no cloak)
rCorr    .         Harm     .   (no gloves)
MR       .....                  l - +0 pair of boots
Stlth    ++........             y - +5 amulet of reflection
HPRegen  0.22/turn              P - ring of poison resistance
MPRegen  0.16/turn              S - ring of see invisible

@: agile
A: breathe fire, unfitting armour, fire resistance 1, cold-blooded, AC +7
a: Breathe Fire


You were on level 8 of the Dungeon.
You were not hungry.

You visited 2 branches of the dungeon, and saw 9 of its levels.

You collected 434 gold pieces.

Inventory:

Missiles
 a - 15 boomerangs
 p - 5 javelins (quivered)
 t - 5 silver javelins
 Q - 69 arrows
Armour
 l - a +0 pair of boots (worn)
 z - a +0 cloak
Jewellery
 w - an uncursed amulet of harm
 y - a +5 amulet of reflection (around neck)
 B - an uncursed ring of flight {unknown}
 P - a ring of poison resistance (left hand)
 S - a ring of see invisible (right hand)
Wands
 A - a wand of flame (12)
 C - a wand of polymorph (9)
Scrolls
 f - a scroll of noise {unknown}
 g - a scroll of immolation {unknown}
 i - 2 scrolls of identify
 j - a scroll of teleportation {unknown}
 k - 3 scrolls of blinking {unknown}
 m - 2 scrolls of remove curse {unknown}
 n - a scroll of amnesia {unknown}
 o - 4 scrolls of enchant weapon {unknown}
 r - a scroll of fog {unknown}
 v - a scroll of magic mapping {unknown}
 x - a scroll of random uselessness {unknown}
Potions
 b - a potion of ambrosia {unknown}
 c - 2 potions of heal wounds {unknown}
 d - a potion of mutation {unknown}
 h - 4 potions of flight {unknown}
 q - 2 potions of curing
 s - 2 potions of agility
 u - 2 potions of haste {unknown}
Comestibles
 e - 14 rations
 D - 8 chunks of flesh


   Skills:
 + Level 5.2 Fighting
 + Level 4.5 Dodging
 * Level 7.4 Unarmed Combat
 * Level 6.6 Spellcasting
 * Level 7.1 Transmutations
 + Level 2.0 Ice Magic
 - Level 2.0 Poison Magic


You had 6 spell levels left.
You knew the following spells:

 Your Spells              Type           Power        Failure   Level  Hunger
a - Beastly Appendage     Tmut           ####..       1%          1    None
b - Ice Form              Ice/Tmut       ###.....     17%         4    ####...
c - Spider Form           Tmut/Pois      ###.......   4%          3    ##.....
s - Sticks to Snakes      Tmut           ####....     1%          2    None
x - Blade Hands           Tmut           ####......   16%         5    #####..

Your spell library contained the following spells:

 Spells                   Type           Power        Failure   Level  Hunger
 Corona                   Hex            #......      12%         1    None
 Ensorcelled Hibernation  Hex/Ice        #.....       12%         2    None
 Confuse                  Hex            #.......     34%         3    ##.....
 Dazzling Spray           Conj/Hex       #.....       34%         3    ##.....
 Tukima's Dance           Hex            #.......     34%         3    ##.....


Dungeon Overview and Level Annotations

Branches:
Dungeon (8/15)             Temple (1/1) D:7
   Lair: D:8-11

Altars:
Ashenzari
Dithmenos
Elyvilon
Fedhas
Gozag
Hepliaklqana
Makhleb
Nemelex Xobeh
Okawaru
Qazlal
Ru
Sif Muna
Trog
Uskayaw
Vehumet
Xom
Yredelemnul
Zin
The Shining One

Shops:
D:4 }::

Annotations:
D:8 Grum


Innate Abilities, Weirdness & Mutations

You can breathe blasts of fire.
Your fiery red scales are hard. (AC +7)
You cannot fit into any form of body armour.
Your flesh is heat resistant. (rF+)
You are cold-blooded and may be slowed by cold attacks.


Message History

You take 16 damage, and have 12/74 hp.
MASSIVE DAMAGE!!
The wolf barely misses you. x2
The wolf bites you!
* * * LOW HITPOINT WARNING * * *
You block the wolf's attack.
You take 8 damage, and have 4/74 hp.
The wolf bites you.
* * * LOW HITPOINT WARNING * * *
You take 1 damage, and have 3/74 hp.
Okay, then.
Okay, then.
You don't know that spell.
Okay, then.
Okay, then.
It was a potion of agility.
You feel agile all of a sudden.
s - 2 potions of agility;
v - a scroll labeled TOOMIE DUBBAGG The wolf completely misses you.
The wolf bites you!
You die...

#.##...'.........
#.##)..'.........
#..#####.....####
#...###......#
#............#
##.#...#######
#..hg## ###h##
#@# #.# #.# #..
###


You could see Grum and 2 wolves.

Levels and vault maps discovered:
D:1:      nagdon_arrival_double_spiral, layout_basic
D:2:      layout_basic, old_standard_altar, first_ration
D:3:      layout_loops_cross, nicolae_dithmenos_through_a_glass_darkly,
          xom_teletrap_fun
D:4:      layout_cave_pods, nicolae_tso_besieged_by_evil, serial_shops,
          kennysheep_mini, kennysheep_little_box, shop_fountains
D:5:      layout_rooms, kennysheep_mini_moat, marbit_many_paths,
          grunt_qazlal_clouds
D:6:      layout_loops_ring, serial_glass, glass_columns_a, glass_columns_a,
          kennysheep_generic_room_8
D:7:      layout_rooms, lemuel_round_altar, lemuel_temple_firewalk_a,
          uniq_duvessa, uniq_crazy_yiuf_cottage, uniq_joseph
D:8:      layout_cave_pools, lemuel_crystal_altar, enter_bailey_3,
          serial_gnoll_camp, gnoll_camp_mini_hut, gnoll_camp_mini_basic,
          gnoll_camp_mini_sergeant, gnoll_camp_mini_house,
          gnoll_camp_mini_loothouse, gnoll_camp_mini_hut, minmay_quadrilaterals,
          uniq_grum
Temple:   hc_temple_tempest_star

Notes
Turn   | Place    | Note
-------+----------+-------------------------------------------
     0 | D:1      | lepoulpe303 the Draconian Transmuter began the quest for
                  | the Orb.
     0 | D:1      | Reached XP level 1. HP: 16/16 MP: 3/3
    71 | D:1      | Identified a +0 whip
   209 | D:1      | Reached XP level 2. HP: 14/23 MP: 3/5
   216 | D:1      | Learned a level 2 spell: Sticks to Snakes
   313 | D:1      | Identified a +0 club
   422 | D:1      | Identified a +1 vampiric dagger
   516 | D:1      | Identified a +0 club
   517 | D:1      | Identified a +0 club
   538 | D:1      | Reached XP level 3. HP: 22/28 MP: 4/6
   543 | D:1      | Learned a level 3 spell: Spider Form
   845 | D:2      | Identified a +0 pair of boots (You found it on level 2 of
                  | the Dungeon)
   902 | D:2      | Reached skill level 2 in Dodging
   906 | D:2      | Identified a +0 club
   929 | D:2      | Identified a +0 club
   941 | D:2      | Identified a +0 club
   953 | D:2      | Found an iron altar of Okawaru.
  1092 | D:2      | Identified a +0 club
  1102 | D:2      | Reached XP level 4. HP: 30/36 MP: 5/8
  1109 | D:2      | Identified a +0 club
  1209 | D:2      | Identified a +0 dagger
  1382 | D:3      | Identified a +0 dagger
  1382 | D:3      | Identified a +0 dagger
  1382 | D:3      | Identified a +0 scale mail
  1382 | D:3      | Identified a +0 club
  1382 | D:3      | Identified a cursed +0 ring mail
  1382 | D:3      | Identified a cursed -1 short sword
  1382 | D:3      | Identified a +0 ring mail
  1564 | D:3      | Identified a +0 short sword
  1574 | D:3      | Reached skill level 3 in Transmutations
  1600 | D:3      | Identified a +0 club
  1600 | D:3      | Identified a +0 hunting sling
  1704 | D:3      | Reached skill level 2 in Fighting
  1717 | D:3      | Identified a +1 whip of draining
  1717 | D:3      | Identified a +0 leather armour
  1764 | D:3      | Found a shadowy altar of Dithmenos.
  1765 | D:3      | Identified a +0 club
  1783 | D:3      | Identified a +1 flail of protection
  1976 | D:3      | Reached skill level 3 in Spellcasting
  1978 | D:3      | Found a shimmering altar of Xom.
  2077 | D:3      | Reached XP level 5. HP: 41/41 MP: 9/9
  2229 | D:3      | Identified a +0 halberd
  2229 | D:3      | Identified a +0 flail
  2229 | D:3      | Identified a +0 club
  2259 | D:3      | Reached skill level 4 in Unarmed Combat
  2552 | D:3      | Identified a +0 flail
  2552 | D:3      | Identified a +0 leather armour
  2561 | D:3      | Identified a +0 dagger
  2654 | D:3      | lepoulpe303: !whichgod drtr
  2654 | D:3      | meem: No keyword 'drtr'
  2654 | D:3      | lepoulpe303: !whichgod drtm
  2654 | D:3      | lepoulpe303: !whichgod drtm
  2787 | D:4      | Found a glowing golden altar of the Shining One.
  2798 | D:4      | Reached XP level 6. HP: 47/49 MP: 11/11
  2799 | D:4      | meem: 90s limit exceeded: killed !whichgod drtm
  2980 | D:4      | HP: 5/50 [scorpion (8)]
  2982 | D:4      | Reached skill level 4 in Transmutations
  2983 | D:4      | Identified a potion of curing
  3182 | D:4      | lepoulpe303: !whichgod drtm
  3302 | D:4      | Learned a level 4 spell: Ice Form
  3345 | D:4      | Found Serphobbem's Gadget Shoppe.
  3526 | D:4      | Found Qira's Book Shop.
  3531 | D:4      | meem: 90s limit exceeded: killed !whichgod drtm
  3556 | D:4      | Identified a +0 giant club
  3579 | D:4      | HP: 12/50 [ogre/+0 giant club (4)]
  3587 | D:4      | Your scales start taking on a fiery red colour.
  3587 | D:4      | Reached XP level 7. HP: 14/56 MP: 9/12
  3587 | D:4      | Gained mutation: Your flesh is heat resistant. (rF+) [Red
                  | Draconian growth]
  3887 | D:4      | HP: 13/56 [phantom (2)]
  3891 | D:4      | Reached skill level 3 in Fighting
  3891 | D:4      | Reached skill level 4 in Spellcasting
  4239 | D:4      | Found Uloder's Book Boutique.
  4249 | D:4      | Identified a +0 whip
  4290 | D:4      | Reached skill level 1 in Poison Magic
  4515 | D:4      | Identified 4 scrolls of identify
  4515 | D:4      | Identified an amulet of harm (You found it on level 4 of
                  | the Dungeon)
  4612 | D:5      | Entered Level 5 of the Dungeon
  4630 | D:5      | Found a stormy altar of Qazlal.
  4631 | D:5      | Identified a +0 shortbow
  4647 | D:5      | Reached skill level 3 in Dodging
  4647 | D:5      | Reached skill level 5 in Unarmed Combat
  4958 | D:5      | Identified a +0 dagger
  4958 | D:5      | Identified a +0 robe
  4960 | D:5      | Identified a +0 mace
  4960 | D:5      | Identified a +0 leather armour
  5031 | D:5      | Identified a +0 giant club
  5044 | D:5      | Reached skill level 5 in Transmutations
  5044 | D:5      | Reached XP level 8. HP: 27/63 MP: 10/14
  5051 | D:5      | Learned a level 5 spell: Blade Hands
  5290 | D:5      | Found a basalt altar of Yredelemnul.
  5381 | D:5      | Found a hazy altar of Hepliaklqana.
  5613 | D:6      | Reached skill level 2 in Poison Magic
  5615 | D:6      | Identified a ring of poison resistance (You found it on
                  | level 5 of the Dungeon)
  5616 | D:6      | Identified a ring of see invisible (You found it on level 3
                  | of the Dungeon)
  5727 | D:6      | Identified a +0 leather armour
  5739 | D:6      | Identified a +0 hand axe
  5739 | D:6      | Identified a cursed +0 ring mail
  5740 | D:6      | Identified a +0 flail
  5740 | D:6      | Identified a +0 club
  5740 | D:6      | Identified a +0 chain mail
  5740 | D:6      | Identified a +0 hand axe
  5777 | D:6      | Identified a +0 club
  5780 | D:6      | Identified a +0 dagger
  5780 | D:6      | Identified a +0 robe
  5784 | D:6      | Identified a +0 war axe
  6043 | D:6      | Reached skill level 5 in Spellcasting
  6097 | D:6      | Identified a +5 great sword
  6097 | D:6      | Identified a +0 robe
  6098 | D:6      | Identified a +2 scimitar
  6098 | D:6      | Identified a +0 robe
  6098 | D:6      | Identified a +2 mace
  6098 | D:6      | Identified a +0 robe
  6131 | D:6      | Reached skill level 4 in Fighting
  6153 | D:6      | Reached skill level 6 in Unarmed Combat
  6292 | D:6      | Identified a +0 dagger
  6299 | D:6      | Identified a +0 club
  6299 | D:6      | Identified a +0 club
  6299 | D:6      | Identified a +0 robe
  6299 | D:6      | Identified a +0 dagger
  6299 | D:6      | Identified a +0 robe
  6303 | D:6      | Identified a +0 dagger
  6331 | D:6      | Identified a cursed +3 great sword of freezing
  6331 | D:6      | Identified a +0 robe
  6332 | D:6      | Identified an amulet of reflection (You found it on level 6
                  | of the Dungeon)
  6486 | D:6      | Reached skill level 6 in Transmutations
  6491 | D:6      | Identified a +0 hand axe of freezing
  6491 | D:6      | Identified a cursed -1 scale mail
  6496 | D:6      | Identified a +0 dagger
  6496 | D:6      | Identified a +0 robe
  6496 | D:6      | Identified a +0 whip
  6496 | D:6      | Identified a +0 ring mail
  6904 | D:6      | Reached XP level 9. HP: 52/72 MP: 14/17
  6974 | D:6      | Reached skill level 4 in Dodging
  6999 | D:7      | Identified a +0 mace
  6999 | D:7      | Identified a +0 robe
  7011 | D:7      | Identified a cursed +0 falchion
  7011 | D:7      | Identified a +0 robe
  7026 | D:7      | Identified a +0 battleaxe
  7026 | D:7      | Identified a +0 robe
  7052 | D:7      | Found a runed translucent door.
  7053 | D:7      | Identified a +2 quarterstaff of chaos
  7053 | D:7      | Identified a +0 cloak
  7053 | D:7      | Noticed Crazy Yiuf
  7086 | D:7      | Identified a +0 quarterstaff
  7086 | D:7      | Identified a +0 hunting sling
  7086 | D:7      | Identified a +0 leather armour
  7086 | D:7      | Noticed Joseph
  7094 | D:7      | Killed Joseph
  7094 | D:7      | Reached skill level 6 in Spellcasting
  7094 | D:7      | Reached skill level 1 in Ice Magic
  7103 | D:7      | Identified a +0 dagger
  7103 | D:7      | Identified a cursed +0 robe
  7104 | D:7      | Identified a +2 scale mail of fire resistance
  7105 | D:7      | Identified a +0 hand axe
  7107 | D:7      | Identified a +0 leather armour
  7125 | D:7      | HP: 18/72 [worker ant (3)]
  7205 | D:7      | HP: 17/72 [hippogriff (5)]
  7209 | D:7      | Reached skill level 7 in Unarmed Combat
  7504 | D:7      | Identified a +0 dagger
  7504 | D:7      | Identified a +0 robe
  7510 | D:7      | Identified a +0 flail
  7510 | D:7      | Identified a +0 leather armour
  7544 | D:7      | Identified a +0 club
  7544 | D:7      | Identified a +2 whip of freezing
  7544 | D:7      | Identified a +0 leather armour
  7548 | D:7      | Identified a +2 short sword of venom
  7548 | D:7      | Identified a +0 leather armour
  7548 | D:7      | Noticed Duvessa
  7788 | D:7      | Identified a +0 hand axe
  7822 | D:7      | Found a white marble altar of Elyvilon.
  7838 | D:7      | Reached skill level 5 in Fighting
  8074 | D:7      | Identified a +0 dagger
  8074 | D:7      | Identified a +0 robe
  8074 | D:7      | Noticed Dowan
  8086 | D:7      | Killed Duvessa
  8086 | D:7      | Reached skill level 7 in Transmutations
  8105 | D:7      | Killed Dowan
  8187 | D:7      | Found a staircase to the Ecumenical Temple.
  8196 | Temple   | Entered the Ecumenical Temple
  8444 | Temple   | lepoulpe303: !whichgod drtm
  8444 | Temple   | meem: 95 recent wins for drtm: 26x Wu Jian, 15x
                  | Cheibriados, 9x Okawaru, 8x Ru, 7x Makhleb, 5x Nemelex
                  | Xobeh, 5x Gozag, 4x Ashenzari, 3x Jiyva, 3x Elyvilon, 3x
                  | The Shining One, 2x Sif Muna, 2x Vehumet, 2x Hepliaklqana,
                  | Qazlal
  8544 | D:7      | Killed Crazy Yiuf
  8604 | D:8      | Identified a +0 club
  8671 | D:8      | Identified a -2 vampiric glaive
  8671 | D:8      | Identified a +0 animal skin
  8671 | D:8      | Noticed Grum
  8683 | D:8      | Reached skill level 2 in Ice Magic
  8692 | D:8      | HP: 12/74 [Grum/-2 vampiric glaive (16)]
  8694 | D:8      | HP: 4/74 [wolf[Grum] (8)]
  8696 | D:8      | Identified 3 potions of agility
  8696 | D:8      | Slain by a wolf

Table legend:
 A = Turns spent in this place as a percentage of turns spent in the entire game.
 B = Non-inter-level travel turns spent in this place as a percentage of non-inter-level travel turns spent in the entire game.
 C = Inter-level travel turns spent in this place as a percentage of turns spent in this place.
 D = Turns resting spent in this place as a percentage of non-inter-level travel turns spent in this place.
 E = Turns spent auto-exploring this place as a percentage of non-inter-level travel turns spent in this place.
 F = Non-inter-level travel turns spent in this place divided by the number of levels of this place that you've seen.
                   A       B       C       D       E      F
               +-------+-------+-------+-------+-------+----------------------
         Total | 100.0 | 100.0 |   2.6 |  31.4 |  42.7 | 941.3
       Dungeon |  96.8 |  97.1 |   2.3 |  32.3 |  41.0 | 1027.9
        Temple |   3.2 |   2.9 |  11.1 |   0.0 |  99.2 | 249.0
               +-------+-------+-------+-------+-------+----------------------

Table legend:
 A = Kills in this place as a percentage of kills in entire the game.
 B = Kills by you in this place as a percentage of kills by you in the entire game.
 C = Kills by friends in this place as a percentage of kills by friends in the entire game.
 D = Other kills in this place as a percentage of other kills in the entire game.
 E = Experience gained in this place as a percentage of experience gained in the entire game.
 F = Experience gained in this place divided by the number of levels of this place that you have seen.
                   A       B       C       D       E      F
               +-------+-------+-------+-------+-------+----------------------
         Total | 100.0 | 100.0 | 100.0 |   N/A | 100.0 | 560.1
       Dungeon | 100.0 | 100.0 | 100.0 |   N/A | 100.0 | 630.1
               +-------+-------+-------+-------+-------+----------------------

Skill      XL: |  1  2  3  4  5  6  7  8  9 |
---------------+----------------------------+-----
Dodging        | 2 3 4 |  4.5
Transmutations | 3 4 5 6 7 |  7.1
Fighting       | 2 3 4 5 |  5.2
Spellcasting   | 3 4 5 6 |  6.6
Unarmed Combat | 4 5 6 7 |  7.4
Poison Magic   | 1 2 |  2.0
Ice Magic      | 2 |  2.0

Action                   |  1- 3 |  4- 6 |  7- 9 || total
-------------------------+-------+-------+-------++-------
Melee: Unarmed           |   173 |   323 |   484 ||   980
       Kick              |     7 |       |       ||     7
       Tailslap          |    10 |    25 |    32 ||    67
       Headbutt          |    11 |    28 |    50 ||    89
       Punch             |     1 |     3 |    10 ||    14
Throw: Javelin           |       |    14 |     1 ||    15
 Cast: Beastly Appendage |    19 |    22 |    30 ||    71
       Spider Form       |       |     2 |     8 ||    10
       Sticks to Snakes  |       |       |     6 ||     6
       Ice Form          |       |       |     3 ||     3
  Use: Potion            |       |     1 |     1 ||     2
       Scroll            |       |       |     2 ||     2
 Stab: Sleeping          |     1 |       |     1 ||     2
       Confused          |       |       |     1 ||     1
  Eat: Chunk             |     1 |     9 |    14 ||    24
       Ration            |       |       |     1 ||     1
Armor: Skin              |    70 |   101 |    85 ||   256
Dodge: Dodged            |   130 |   241 |   283 ||   654
Block: Other             |       |       |    49 ||    49
       Reflection        |       |       |     1 ||     1

Vanquished Creatures
  Joseph (D:7)
  A hippogriff (D:7)
  A water moccasin (D:6)
  Duvessa (D:7)
  2 phantoms
  An ice beast (D:6)
  A black bear (D:6)
  A sky beast (D:7)
  2 ogres
  2 wolves (D:8)
  A centaur (D:5)
  A crocodile (D:7)
  4 bullfrogs
  Dowan (D:7)
  3 scorpions
  7 wights
  2 howler monkeys
  2 crimson imps
  A bullfrog zombie (D:6)
  3 jellies
  2 hounds (D:4)
  4 orc priests
  A bullfrog skeleton (D:6)
  A centaur skeleton (D:6)
  6 orc wizards
  Crazy Yiuf (D:7)
  An iguana (D:4)
  3 worker ants
  A killer bee zombie (D:5)
  9 gnolls
  5 adders
  A howler monkey skeleton (D:6)
  3 shadow imps
  An ooze (D:3)
  An adder zombie (D:5)
  2 worms
  4 dart slugs
  11 leopard geckos
  26 orcs
  A ball python (D:1)
  9 giant cockroaches
  8 goblins
  8 hobgoblins
  4 jackals
  A quokka (D:2)
  A ball python skeleton (D:5)
  10 bats
  6 frilled lizards
  2 goblin skeletons (D:4)
  A goblin zombie (D:4)
  2 hobgoblin zombies (D:4)
  A jackal zombie (D:5)
  10 kobolds
  A kobold skeleton (D:4)
  2 kobold zombies (D:4)
  2 leopard gecko skeletons
  An orc skeleton (D:4)
  10 rats
201 creatures vanquished.

Vanquished Creatures (collateral kills)
  An orc wizard (D:5)
1 creature vanquished.

Grand Total: 202 creatures vanquished
